Map: Ascension to Aiur LE

Players

ToSpookyForU - Winner!

  • Race: Terran Terran
  • League: Diamond
  • Spawn Location: 5:00

Juxtapose

  • Race: Protoss Protoss
  • League: Gold
  • Spawn Location: 11:00

VOD

https://youtu.be/aqgLgY6Qz1k

Description

My opponent is a Diamond Zerg player, and a Gold Terran player. Regardless, his experience is way above mine and it shows in this game.

Ironically, the Void Rays I wasted making in my last Protoss versus Terran match would have come in handy here.

Time

  • Played on: Sept. 16, 2017, 3:28 p.m.
  • Length: 13:39
Show
View Real Time Build Order
Export as new Build Order

ToSpookyForU Terran - Winner!

Build Orders: MMM Bio 

Get SALT Encoding   

  12  0:00  SCV  
  13  0:13  SCV  
  14  0:17  Supply Depot  
  14  0:25  SCV  
  15  0:29  Refinery  
  15  0:39  SCV  
  16  0:49  Barracks  
  16  0:51  SCV  
  17  1:03  SCV  
  18  1:16  SCV  
  19  1:36  Orbital Command  
  19  1:38  Reaper  
  20  1:49  Factory  
  20  2:04  SCV  
  20  2:08  Refinery  
  21  2:10  Reaper  
  21  2:15  Supply Depot  
  22  2:25  SCV  
  23  2:36  Command Center  
  22  2:44  SCV  
  22  2:51  Starport, Widow Mine  
  23  2:53  Barracks Reactor  
  23  2:56  SCV  
  26  3:05  Supply Depot  
  26  3:08  SCV  
  27  3:20  SCV  
  28  3:27  Widow Mine  
  28  3:30  Viking  
  28  3:32  SCV  
  33  3:40  Supply Depot  
  33  3:45  SCV  
  33  3:47  Marine x2  
  36  3:57  SCV  
  36  3:59  Orbital Command  
  37  4:09  SCV, Marine x2  
  40  4:11  Supply Depot  
  40  4:17  Factory Reactor  
  40  4:19  Starport Reactor  
  40  4:21  SCV  
  41  4:29  SCV  
  41  4:30  Barracks  
  42  4:33  SCV  
  42  4:34  Supply Depot  
  42  4:37  Engineering Bay  
  36  5:03  SCV x2  
  36  5:07  Marine x2  
  38  5:11  Medivac x2  
  38  5:12  Widow Mine x2  
  48  5:15  Barracks  
  48  5:16  SCV x2  
  50  5:31  SCV x2  
  50  5:33  Marine x2  
  54  5:36  Barracks Tech Lab  
  54  5:43  SCV x2  
  54  5:49  Widow Mine x2  
  58  5:51  Marine x2  
  58  5:55  SCV  
  63  5:58  Stimpack, Marine  
  63  6:02  Barracks Reactor  
  64  6:08  Marine  
  64  6:09  Marine  
  66  6:16  Marine  
  66  6:17  Widow Mine  
  66  6:18  SCV x2  
  71  6:22  Terran Infantry Weapons Level 1  
  71  6:24  Medivac x2  
  75  6:26  Marine x2  
  75  6:30  SCV  
  78  6:46  Supply Depot x2  
  78  6:47  Marine  
  78  6:48  Supply Depot  
  78  7:07  Marine x4  
  78  7:08  SCV x2  
  84  7:12  Liberator x2  
  84  7:20  SCV  
  85  7:25  Marine  
  92  7:30  Marine x4  
  84  7:43  Marine  
  85  7:48  Marine  
  78  7:51  Supply Depot  
  78  7:52  Marine x3  
  81  8:01  Marine  
  81  8:04  SCV x2, Engineering Bay  
  84  8:06  Marine  
  84  8:09  Marine  
  84  8:10  Marine x2  
  88  8:13  Barracks  
  88  8:14  Barracks  
  88  8:16  SCV x2, Refinery, Widow Mine x2  
  88  8:18  Medivac, Refinery  
  88  8:19  Marine  
  97  8:23  Marine  
  98  8:27  Marine x2  
  98  8:28  SCV, Marine  
  102  8:34  SCV  
  102  8:40  Combat Shields, SCV  
  104  8:42  Terran Infantry Armor Level 1  
  104  8:44  Armory  
  104  8:45  Marine x2, Widow Mine  
  104  8:46  Marine x2  
  110  8:57  Supply Depot  
  110  8:58  Supply Depot  
  110  9:04  Supply Depot  
  110  9:13  Barracks Tech Lab, Barracks Reactor  
  110  9:18  SCV, Marine x4, Widow Mine x2  
  110  9:19  Marine  
  119  9:28  SCV, Supply Depot  
  119  9:29  Supply Depot  
  119  9:30  SCV  
  121  9:33  Marine  
  121  9:35  Medivac x2  
  121  9:36  Marine x4  
  121  9:37  Marine  
  131  9:48  Liberator  
  131  9:53  Marine x3  
  131  9:54  Widow Mine x2  
  131  9:57  Marine  
  131  9:58  Marine  
  140  10:05  Medivac  
  145  10:29  Marine x5  
  150  10:37  Marine x2  
  150  10:39  Marine  
  148  10:48  Marine x2  
  148  10:49  Marine x3  
  147  10:54  Marine  
  147  10:55  Marine  
  110  11:38  Marine  
  110  11:39  Marine x7  
  115  11:56  Marine x6  
  115  11:57  Marine x2  
  123  12:22  Marine x8  
  131  12:33  Orbital Command  
  130  12:39  Marine  
  130  12:40  Marine x4  
  130  12:41  Marauder x2  
  132  12:54  Missile Turret  
  132  13:02  Marauder x2  
  132  13:05  Marine x6  
Show
View Real Time Build Order
Export as new Build Order

Juxtapose Protoss 

Build Orders: Oracle Opening 

Get SALT Encoding   

  12  0:01  Probe (Chrono Boost)  
  13  0:12  Probe (Chrono Boost)  
  14  0:20  Pylon  
  14  0:22  Probe (Chrono Boost)  
  15  0:39  Probe (Chrono Boost)  
  15  0:41  Gateway  
  16  0:49  Probe (Chrono Boost)  
  17  1:01  Probe (Chrono Boost)  
  18  1:07  Assimilator  
  18  1:10  Pylon  
  18  1:14  Probe (Chrono Boost)  
  19  1:19  Assimilator  
  19  1:25  Probe (Chrono Boost)  
  20  1:29  Zealot  
  22  1:37  Cybernetics Core  
  22  1:45  Probe (Chrono Boost)  
  23  1:54  Pylon  
  23  1:55  Probe (Chrono Boost)  
  23  2:00  Pylon  
  24  2:06  Probe (Chrono Boost)  
  25  2:18  Warp Gate  
  25  2:19  Zealot  
  27  2:24  Mothership Core (Chrono Boost)  
  29  2:42  Stargate  
  29  3:00  Pylon  
  29  3:15  Adept  
  31  3:22  Gateway  
  31  3:26  Oracle  
  34  3:42  Twilight Council  
  33  4:03  Adept  
  33  4:06  Probe (Chrono Boost)  
  36  4:18  Nexus  
  36  4:19  Pylon  
  36  4:21  Resonating Glaives (Chrono Boost)  
  36  4:22  Pylon  
  36  4:26  Pylon  
  33  5:04  Gateway  
  33  5:07  Gateway  
  33  5:15  Forge  
  33  5:20  Adept  
  33  5:21  Adept  
  37  5:39  Pylon  
  37  5:45  Probe, Forge  
  38  5:51  Photon Cannon  
  38  5:55  Probe  
  39  5:57  Adept x2  
  39  6:02  Protoss Ground Weapons Level 1 (Chrono Boost)  
  43  6:10  Robotics Facility  
  43  6:11  Zealot  
  45  6:12  Zealot  
  45  6:16  Probe  
  48  6:27  Probe  
  49  6:48  Adept x4  
  57  6:55  Probe  
  57  7:00  Observer  
  59  7:05  Probe  
  60  7:12  Zealot x4  
  68  7:16  Probe  
  68  7:21  Observer  
  70  7:27  Probe  
  59  7:33  Adept x4  
  63  7:50  Warp Prism  
  65  7:52  Probe  
  66  7:59  Zealot x3  
  66  8:02  Probe  
  73  8:12  Mothership Core  
  75  8:22  Photon Cannon  
  75  8:24  Assimilator  
  75  8:28  Assimilator  
  75  8:32  Probe  
  76  8:35  Pylon  
  76  8:42  Probe, Dark Shrine  
  77  8:53  Probe  
  78  9:03  Probe  
  78  9:06  Immortal  
  83  9:11  Nexus  
  83  9:31  Stalker x3  
  83  9:35  Nexus  
  83  9:36  Stalker  
  91  9:51  Immortal  
  95  9:59  Pylon  
  95  10:03  Pylon  
  95  10:08  Pylon  
  95  10:31  Immortal  
  99  10:42  Adept x4  
  75  11:05  Dark Templar x2  
  75  11:08  Dark Templar x2  
  67  11:12  Mothership Core  
  43  11:31  Immortal  
  33  11:44  Dark Templar x4  
  34  11:53  Probe  
  20  12:04  Probe  
  18  12:11  Immortal  
  18  12:14  Probe  
  22  12:20  Dark Templar  
  25  12:25  Probe  
  26  12:42  Stalker  
  26  12:43  Probe  
  29  13:00  Stalker  
  29  13:15  Probe  
  24  13:25  Probe  
Tags
 
Add a new tag
Caveats
  • Supply blocks, unpowered buildings, or Contaminate may cause inaccurate times.
  • Supply counts are checked every 10 seconds.